 Dungeon Crawl Stone Soup version 0.29.0-4-gdea44cf6ec (webtiles) character file.

Game seed: 8759287527336889372

16 qw the Firebug (level 2, -1/23 HPs)
             Began as a Ghoul Fire Elementalist on Aug 30, 2022.
             Slain by a jackal (3 damage)
             ... on level 1 of the Dungeon.
             The game lasted 00:00:35 (588 turns).

qw the Firebug (Ghoul Fire Elementalist)             Turns: 588, Time: 00:00:36

Health: -1/23      AC:  2    Str: 11    XL:     2   Next: 58%
Magic:  3/3        EV: 12    Int: 10    God:
Gold:   8          SH:  0    Dex:  9    Spells: 3/4 levels left

rFire   . . .      SeeInvis .     - Unarmed
rCold   + . .      Faith    .   (no shield)
rNeg    + + +      Spirit   .   a - +0 robe
rPois   inf        Reflect  .   (no helmet)
rElec   .          Harm     .   (no cloak)
rCorr   .          Rampage  .   (no gloves)
Will    .....                   (no boots)
Stlth   ++........              (no amulet)
HPRegen 0.00/turn               (no ring)
MPRegen 0.08/turn               (no ring)

@: inhibited regen
A: claws 1, cold resistance 1, negative energy resistance 3, inhibited
regeneration, torment resistance 2, devour on kill
a: no special abilities


You were on level 1 of the Dungeon.
You visited 1 branch of the dungeon, and saw 1 of its levels.

You collected 8 gold pieces.


Innate Abilities, Weirdness & Mutations

You are immune to poison.
You have sharp fingernails.
Your flesh is cold resistant. (rC+)
You are immune to negative energy. (rN+++)
You do not regenerate when monsters are visible.
You are immune to unholy pain and torment.
You thrive by killing the living.


   Skills:
 - Level 1.0 Fighting
 - Level 1.7 Dodging
 - Level 2.1 Stealth
 + Level 2.0 Unarmed Combat
 - Level 1.7 Spellcasting
 - Level 0.7 Conjurations
 - Level 2.4 Fire Magic


You had 3 spell levels left.
You knew the following spells:

 Your Spells              Type           Power      Damage    Failure   Level
a - Foxfire               Conj/Fire      16%        2x1d4     17%         1

Your spell library contained the following spells:

 Spells                   Type           Power      Damage    Failure   Level
 Scorch                   Fire           10%        2d5       19%         2
 Conjure Flame            Conj/Fire      4%         6-21      45%         3
 Inner Flame              Hex/Fire       3%         N/A       52%         3
 Flame Wave               Conj/Fire      4%         2d5       86%         4

Inventory:

Armour
 a - a +0 robe (worn)
 d - a +0 chain mail
Potions
 b - a potion of magic
 c - a potion of haste {unknown}

Dungeon Overview and Level Annotations

Branches:
Dungeon (1/15)

Altars:

Shops:
D:1 [


Message History

573 ||| Stepping ~*~*~tactically~*~*~ (stealth).
575 ||| Stepping ~*~*~tactically~*~*~ (stealth).
The jackal barks!
You scratch the jackal.
The jackal is heavily wounded.
The jackal closely misses you. The jackal bites you.
You claw the jackal!
You kill the jackal!
You feel better.
Your Unarmed Combat skill increases to level 2!
You barely miss the jackal. The jackal bites you.
A goblin comes into view. It is wielding a +0 dagger.
You barely miss the jackal. The jackal closely misses you.
You closely miss the jackal. The jackal bites you. x2
You closely miss the jackal. The jackal bites you.
The goblin shouts!
You scratch the jackal.
The jackal is moderately wounded.
The jackal bites you. The goblin hits you with a +0 club.
You closely miss the jackal.
The jackal is moderately wounded.
The jackal closely misses you. The jackal bites you.
The goblin hits you with a +0 club.
You closely miss the jackal.
The jackal is moderately wounded.
The jackal closely misses you. The goblin hits you but does no damage.
You closely miss the jackal.
The jackal is moderately wounded.
The jackal closely misses you.
You scratch the jackal.
The jackal is almost dead.
The jackal barely misses you. The goblin hits you with a +0 club.
You barely miss the jackal.
The jackal is almost dead.
The jackal bites you.
You die...

#. ...... #.#... .....#
#..... ...... .....
######+#....#
#...###...#......# #.
#.............g..#..
...#.#.........#.......g.
...#.#.......###hg#.....
.....#.......###@.# .g.#
.....#.##.....##..# .#
.............##..#
..#.........##..#
+.%...........#
####...#.....###.#
#.....###+#### #..
#.#.#...# ## #...#.#.#


You could see a jackal and 2 goblins.

Vanquished Creatures
  A dart slug (D:1)
  3 endoplasms (D:1)
  A giant cockroach (D:1)
  2 goblins (D:1)
  A jackal (D:1)
  3 ball pythons (D:1)
  A frilled lizard (D:1)
  A kobold (D:1)
13 creatures vanquished.

Notes
Turn   | Place    | Note
-------+----------+-------------------------------------------
     0 | D:1      | qw the Ghoul Fire Elementalist began the quest for the Orb.
     0 | D:1      | Reached XP level 1. HP: 14/14 MP: 2/2
     0 | D:1      | 0 ||| qw: Version: 0.1-a-90-g952f4b7
     0 | D:1      | 0 ||| qw: Game counter: 4297
     0 | D:1      | 0 ||| qw: Always use a shield: true
     0 | D:1      | 0 ||| qw: God list: Okawaru
     0 | D:1      | 0 ||| qw: Allow faded altars: false
     0 | D:1      | 0 ||| qw: Do Orc after D:15 true
     0 | D:1      | 0 ||| qw: Do second Lair branch before Depths: true
     0 | D:1      | 0 ||| qw: Lair rune preference: random
     0 | D:1      | 0 ||| qw: Plans: Normal
     0 | D:1      | 0 ||| PLANNING D:1-11
    14 | D:1      | Found Dempigoe's Antique Armour Emporium.
    20 | D:1      | 20 ||| SHOPLISTING embroidered scarf (216 gold, have 0).
    20 | D:1      | 20 ||| SHOPLISTING leather armour (54 gold, have 0).
    20 | D:1      | 20 ||| SHOPLISTING ring mail (108 gold, have 0).
    20 | D:1      | 20 ||| SHOPLISTING shiny orb (324 gold, have 0).
    44 | D:1      | 44 ||| Stepping ~*~*~tactically~*~*~ (stealth).
    59 | D:1      | Reached skill level 1 in Unarmed Combat
   302 | D:1      | Reached skill level 1 in Fighting
   302 | D:1      | Reached XP level 2. HP: 21/23 MP: 3/3
   433 | D:1      | 433 ||| Stepping ~*~*~tactically~*~*~ (hiding).
   434 | D:1      | 434 ||| Stepping ~*~*~tactically~*~*~ (hiding).
   573 | D:1      | 573 ||| Stepping ~*~*~tactically~*~*~ (stealth).
   575 | D:1      | 575 ||| Stepping ~*~*~tactically~*~*~ (stealth).
   584 | D:1      | HP: 5/23 [goblin/+0 club (4)]
   587 | D:1      | HP: 2/23 [goblin/+0 club (3)]
   588 | D:1      | Slain by a jackal

Levels and vault maps discovered:
D:1:      dpeg_arrival_line_fractal, layout_basic, serial_shops,
          nicolae_shop_overgrown_old_shop, shapermc_ecumenical_altar_mp_vishouse

Skill      XL: |  1  2 |
---------------+-------+-----
Unarmed Combat | 1 2 |  2.0
Fighting       | 1 |  1.0
Dodging        | |  1.7
Stealth        | |  2.1
Spellcasting   | |  1.7
Conjurations   | |  0.7
Fire Magic     | |  2.4

Action                   || total
-------------------------++-------
Melee: Unarmed           ||    60
Armor: Robe              ||     9
Dodge: Dodged            ||    29

Table legend:
 A = Non-vault XP
 B = Vault XP
 C = Vault XP percentage of total XP
 D = Non-vault monster count
 E = Vault monster count
 F = Vault count percentage of total count
                 A         B        C        D         E       F
            +---------+---------+-------+---------+---------+-------
      Total |      24 |       0 |   0.0 |      13 |       0 |   0.0
            +---------+---------+-------+---------+---------+-------
        D:1 |      24 |       0 |   0.0 |      13 |       0 |   0.0
            +---------+---------+-------+---------+---------+-------
